 Dungeon Crawl Stone Soup version 0.19.3-1-g3169bf9 (webtiles) character file.

31388 theAP the Cleaver (level 13, -8/109 HPs)
             Began as a Formicid Fighter on Jan 27, 2017.
             Was an Initiate of Gozag.
             Mangled by an ettin
             ... wielding a +0 dire flail
              (32 damage)
             ... on level 13 of the Dungeon.
             The game lasted 00:28:01 (11768 turns).

theAP the Cleaver (Formicid Fighter)               Turns: 11768, Time: 00:28:08

Health: -8/109     AC: 26    Str: 24    XL:     13   Next: 96%
Magic:  22/22      EV:  8    Int:  7    God:    Gozag
Gold:   3093       SH: 13    Dex: 23    Spells: 0 memorised, 12 levels left

rFire  . . .     SeeInvis +     y - +9 broad axe of Zipsos {chop, rN+++ MP+9 Dex+4 Stlth-}
rCold  . . .     Gourm    .     T - +8 chain mail "Pyppoj" {rElec Int-2 Dex+8 Stlth-}
rNeg   + + +     Faith    .     c - +0 shield
rPois  +         Spirit   .     (helmet unavailable)
rElec  +         Reflect  .     s - +2 cloak {rPois}
rCorr  .         Harm     .     G - +2 pair of gloves
MR     +....                    (no boots)
Stlth  ..........               (no amulet)
                                K - ring of see invisible
                                i - ring of poison resistance

@: gold aura
A: permanent stasis, dig shafts and tunnels, four strong arms, antennae 3
a: Dig, Shaft Self, Potion Petition, Call Merchant, Bribe Branch, Renounce
Religion


You were on level 13 of the Dungeon.
You worshipped Gozag.
Gozag was most pleased with you.
You were not hungry.

You visited 2 branches of the dungeon, and saw 14 of its levels.

You collected 3142 gold pieces.
You paid 49 gold pieces to Gozag.

Inventory:

Hand Weapons
 a - a +1 flail
 d - a +3 whip of freezing
 y - the +9 broad axe of Zipsos (weapon) {chop, rN+++ MP+9 Dex+4 Stlth-}
   (You found it on level 7 of the Dungeon)

   It inflicts extra damage upon your enemies.
   It affects your dexterity (+4).
   It renders you almost immune to negative energy.
   It affects your magic capacity (+9).
   It makes you less stealthy.
Missiles
 w - 180 arrows
Armour
 c - a +0 shield (worn)
 g - a +2 cloak
 m - a +2 plate armour
 s - a +2 cloak of poison resistance (worn)
 D - a +1 crystal plate armour
 G - a +2 pair of gloves (worn)
 T - the +8 chain mail "Pyppoj" (worn) {rElec Int-2 Dex+8 Stlth-}
   (You found it on level 11 of the Dungeon)

   It affects your intelligence (-2).
   It affects your dexterity (+8).
   It insulates you from electricity.
   It makes you less stealthy.
Jewellery
 i - a ring of poison resistance (left hand)
 r - an uncursed ring of flight
 F - an uncursed ring of protection from fire
 K - a ring of see invisible (right hand)
 P - a +3 ring of slaying {unknown}
Wands
 l - a wand of flame (28/48)
 H - a wand of random effects (17/48)
 I - a wand of disintegration (12/24)
 R - a wand of flame (27/48)
 S - a wand of lightning (9/15)
Scrolls
 b - a scroll of enchant weapon
 h - 3 scrolls of recharging
 q - 4 scrolls of amnesia
 v - 9 scrolls of teleportation
 x - 3 scrolls of remove curse
 E - 2 scrolls of fear
 L - 3 scrolls of magic mapping
 N - a scroll of fog {unknown}
 U - a scroll of blinking {unknown}
Potions
 e - a potion of flight
 j - 8 potions of curing
 k - 2 potions of lignification {unknown}
 p - a potion of agility {unknown}
 t - 2 potions of brilliance
 u - a potion of mutation {unknown}
 z - a potion of might
 C - a potion of resistance
 J - a potion of berserk rage {unknown}
 O - a potion of invisibility {unknown}
 Q - 2 potions of ambrosia
Books
 A - a book of Changes

   Spells                             Type                      Level
   a - Beastly Appendage              Transmutation                1
   b - Sticks to Snakes               Transmutation                2
   c - Spider Form                    Transmutation/Poison         3
   d - Ice Form                       Ice/Transmutation            4
   e - Blade Hands                    Transmutation                5
 B - a book of Misfortune

   Spells                             Type                      Level
   a - Confusing Touch                Hexes                        1
   b - Confuse                        Hexes                        3
   c - Gell's Gravitas                Hexes/Translocation          3
   d - Petrify                        Transmutation/Earth          4
   e - Metabolic Englaciation         Hexes/Ice                    5
   f - Yara's Violent Unravelling     Hexes/Transmutation          5
 M - a book of Minor Magic

   Spells                             Type                      Level
   a - Magic Dart                     Conjuration                  1
   b - Blink                          Translocation                2
   c - Call Imp                       Summoning                    2
   d - Repel Missiles                 Charms/Air                   2
   e - Slow                           Hexes                        2
   f - Conjure Flame                  Conjuration/Fire             3
   g - Mephitic Cloud                 Conjuration/Poison/Air       3
Comestibles
 f - 13 bread rations
 n - 5 meat rations
 o - 2 beef jerkies


   Skills:
 + Level 12.5 Fighting
 * Level 13.2(14.2) Axes
 - Level 9.7(12.6) Maces & Flails
 + Level 10.2 Armour
 - Level 9.4 Shields


You had 12 spell levels left.
You didn't know any spells.

Dungeon Overview and Level Annotations

Branches:
Dungeon (13/15)            Temple (1/1) D:4            Lair (0/6) D:10
    Orc (0/2) D:11
 Vaults: D:13-14

Altars:
Ashenzari
Cheibriados
Dithmenos
Elyvilon
Fedhas
Gozag
Hepliaklqana
Kikubaaqudgha
Makhleb
Nemelex Xobeh
Okawaru
Qazlal
Ru
Sif Muna
Trog
Uskayaw
Vehumet
Xom
Yredelemnul
Zin
The Shining One

Shops:
D:9 (


Innate Abilities, Weirdness & Mutations

You are under a permanent stasis effect.
You can dig through walls and to a lower floor.
Your four strong arms can wield two-handed weapons with a shield.
You have a pair of large antennae on your head. (SInv)


Message History

Unknown command.
Unknown command.
You are too injured to fight recklessly!
You feel much better. You block the ettin's attack.
The ettin barely misses you. The yaktaur captain hits you!
You hit the ettin.
The ettin is moderately wounded.
You slash the slime creature!
The slime creature is no longer distracted by gold.
You slash the yaktaur captain!
The slime creature changes into a wolf spider!
You slash the ettin!
The ettin is heavily wounded.
You slash the yaktaur captain! You slash the wolf spider!
The wolf spider changes into a great orb of eyes!
The yaktaur captain hits you!
* * * LOW HITPOINT WARNING * * *
The ettin hits you with a dire flail!!
You die...
Your body crumbles into a pile of gold. ################ ###............... { $$$$$ ##........$$G......{ {$$$$ #......(..(@C...... { {$$$$$ ##..........$c...... {{ ${$$

#........###########
#......######################
#.....## ##.................)
#.....# #...................
#....## #))#################
#....# #..#################
#..((# #...................


You could see a yaktaur captain, a great orb of eyes shaped shifter and an
ettin.

Vanquished Creatures
  A yaktaur captain (D:13)
  Erolcha (D:12)
  2 hydras
  2 centaur warriors (D:13)
  A death knight (D:11)
  A tengu warrior (D:13)
  3 unseen horrors
  A phantasmal warrior (D:11)
  4 hill giants
  Pikel (D:4)
  3 deep elf magi (D:13)
  A wolf spider (D:13)
  An ugly thing (D:13)
  A cyclops (D:13)
  2 manticores
  2 black mambas (D:11)
  4 centaur zombies
  2 gargoyles (D:13)
  A kobold demonologist (D:13)
  3 centaur skeletons (D:13)
  A komodo dragon (D:10)
  An efreet (D:13)
  6 trolls (D:13)
  2 hornets
  A two-headed ogre (D:13)
  Grinder (D:6)
  10 slime creatures
  4 hippogriffs
  4 wraiths
  A shadow (D:13)
  A wyvern (D:12)
  A vampire (D:13)
  6 yaks
  3 hungry ghosts
  2 hell hounds (D:11)
  5 water moccasins
  5 orc warriors
  2 ice beasts
  A hornet zombie (D:11)
  A phantom (D:8)
  A necrophage (D:10)
  7 ogres
  2 sky beasts
  A boggart (D:13)
  6 centaurs
  A wolf (D:11)
  2 crocodiles
  4 big kobolds
  8 bullfrogs
  A wyvern zombie (D:10)
  4 scorpions
  24 killer bees
  11 wights
  9 howler monkeys
  A crimson imp (D:11)
  A bullfrog skeleton (D:10)
  6 orc priests
  A bullfrog zombie (D:13)
  6 hounds
  7 jellies
  Jessica (D:3)
  Terence (D:2)
  11 orc wizards
  Natasha (thrice) (D:2)
  4 iguanas
  2 hell rats (D:11)
  10 worker ants
  A howler monkey zombie (D:7)
  2 howler monkey skeletons (D:5)
  8 adders
  4 gnolls (D:3)
  4 river rats (D:11)
  3 shadow imps
  8 oozes
  4 adder skeletons
  2 dart slugs (D:1)
  3 leopard geckos
  29 orcs
  6 ball pythons
  5 giant cockroaches
  8 goblins
  9 hobgoblins
  14 jackals
  27 kobolds
  5 quokkas
  5 bats
  3 frilled lizards
  A jackal skeleton (D:6)
  A leopard gecko skeleton (D:4)
  11 rats
  3 plants (D:10)
396 creatures vanquished.

Vanquished Creatures (others)
  A plant (D:10)
1 creature vanquished.

Grand Total: 397 creatures vanquished

Notes
Turn   | Place    | Note
-------+----------+-------------------------------------------
     0 | D:1      | theAP the Formicid Fighter began the quest for the Orb.
     0 | D:1      | Reached XP level 1. HP: 18/18 MP: 1/1
    86 | D:1      | Reached XP level 2. HP: 24/24 MP: 2/2
   404 | D:1      | Reached XP level 3. HP: 28/29 MP: 3/3
   785 | D:2      | Noticed Terence
   796 | D:2      | Killed Terence
   796 | D:2      | Reached XP level 4. HP: 37/37 MP: 4/4
  1222 | D:2      | Noticed Natasha
  1232 | D:2      | Killed Natasha
  1232 | D:2      | Reached XP level 5. HP: 29/42 MP: 5/5
  1246 | D:2      | Noticed Natasha
  1264 | D:2      | Killed Natasha
  1487 | D:2      | Found a glowing golden altar of the Shining One.
  1566 | D:2      | Noticed Natasha
  1573 | D:2      | Killed Natasha
  1807 | D:3      | Reached XP level 6. HP: 39/49 MP: 6/6
  1834 | D:3      | Noticed Jessica
  1839 | D:3      | Killed Jessica
  2256 | D:4      | Reached skill level 5 in Maces & Flails
  2557 | D:4      | Noticed a slave
  2558 | D:4      | Noticed a slave
  2558 | D:4      | Noticed a slave
  2559 | D:4      | Noticed Pikel
  2562 | D:4      | Noticed a slave
  2596 | D:4      | Killed Pikel
  2596 | D:4      | Reached skill level 5 in Fighting
  2596 | D:4      | Reached skill level 5 in Shields
  2596 | D:4      | Reached XP level 7. HP: 22/56 MP: 7/7
  2596 | D:4      | Reached XP level 8. HP: 25/63 MP: 8/8
  2727 | D:4      | Found a staircase to the Ecumenical Temple.
  3023 | D:4      | Found a blossoming altar of Fedhas.
  3123 | Temple   | Entered the Ecumenical Temple
  3389 | Temple   | Became a worshipper of Gozag Ym Sagoz the Greedy
  3482 | D:5      | Entered Level 5 of the Dungeon
  3630 | D:5      | Found a sparkling altar of Nemelex Xobeh.
  3943 | D:6      | Found a white marble altar of Elyvilon.
  4001 | D:6      | Noticed Grinder
  4032 | D:6      | Killed Grinder
  4032 | D:6      | Reached XP level 9. HP: 49/71 MP: 9/9
  5419 | D:7      | Found a stormy altar of Qazlal.
  5850 | D:7      | Reached XP level 10. HP: 74/80 MP: 10/10
  5894 | D:7      | Got a crude broad axe
  5895 | D:7      | Identified the +9 broad axe of Zipsos {chop, rN+++ MP+9 Dex+4 Stlth-} (You found it on level 7 of the Dungeon)
  6231 | D:7      | Found Hurgh's Armour Shoppe.
  6427 | D:8      | Reached skill level 1 in Axes
  6461 | D:8      | Reached skill level 2 in Axes
  6534 | D:8      | Found a shimmering altar of Xom.
  6752 | D:8      | Reached skill level 3 in Axes
  6819 | D:8      | Reached skill level 4 in Axes
  6860 | D:8      | Found a basalt altar of Yredelemnul.
  7168 | D:9      | Found Egroifet's Weapon Shoppe.
  7407 | D:9      | Found an ancient bone altar of Kikubaaqudgha.
  7519 | D:9      | Reached skill level 5 in Axes
  7817 | D:9      | Identified a scroll of acquirement
  7854 | D:10     | Entered Level 10 of the Dungeon
  7854 | D:10     | Noticed an unseen horror
  7882 | D:10     | Killed an unseen horror
  7998 | D:10     | Noticed an unseen horror
  8006 | D:10     | Killed an unseen horror
  8006 | D:10     | Reached skill level 6 in Axes
  8006 | D:10     | Reached XP level 11. HP: 89/89 MP: 11/11
  8224 | D:10     | Found a staircase to the Lair.
  8231 | D:10     | Reached skill level 7 in Axes
  8247 | D:10     | Reached skill level 5 in Armour
  8590 | D:10     | Noticed a hill giant
  8597 | D:10     | Killed a hill giant
  8667 | D:11     | Noticed a six-headed hydra
  8954 | D:11     | Killed a ten-headed hydra
  8954 | D:11     | Reached skill level 10 in Fighting
  8954 | D:11     | Reached skill level 8 in Axes
  9131 | D:11     | Noticed a death knight
  9133 | D:11     | Noticed a phantasmal warrior
  9162 | D:11     | Killed a phantasmal warrior
  9174 | D:11     | Killed a death knight
  9614 | D:11     | Reached skill level 9 in Axes
  9624 | D:11     | Reached XP level 12. HP: 97/98 MP: 12/12
  9712 | D:11     | Found a staircase to the Orcish Mines.
 10076 | D:11     | Got an ancient chain mail
 10087 | D:11     | Identified the +8 chain mail "Pyppoj" {rElec Int-2 Dex+8 Stlth-} (You found it on level 11 of the Dungeon)
 10130 | D:12     | Reached skill level 10 in Axes
 10338 | D:12     | Noticed Erolcha
 10349 | D:12     | Killed Erolcha
 10637 | D:13     | Reached skill level 11 in Axes
 10664 | D:13     | Reached XP level 13. HP: 99/106 MP: 13/13
 10701 | D:13     | Noticed a centaur warrior
 10706 | D:13     | Killed a centaur warrior
 10714 | D:13     | Noticed a centaur warrior
 10723 | D:13     | Killed a centaur warrior
 11140 | D:13     | Reached skill level 12 in Axes
 11395 | D:13     | Noticed a seven-headed hydra
 11421 | D:13     | Killed a seven-headed hydra
 11607 | D:13     | Reached skill level 10 in Armour
 11631 | D:13     | Reached skill level 13 in Axes
 11746 | D:13     | Noticed a yaktaur captain
 11748 | D:13     | Noticed a yaktaur captain
 11749 | D:13     | Noticed an ettin
 11757 | D:13     | Noticed an anaconda
 11757 | D:13     | a glowing shapeshifter changed into an anaconda
 11760 | D:13     | Killed a yaktaur captain
 11761 | D:13     | an anaconda changed into a wolf spider
 11768 | D:13     | Noticed a great orb of eyes
 11768 | D:13     | a wolf spider changed into a great orb of eyes
 11768 | D:13     | Mangled by an ettin

Skill      XL: |  1  2  3  4  5  6  7  8  9 10 11 12 13 |
---------------+----------------------------------------+-----
Maces & Flails | 3 4 6 8 9 |  9.7
Shields        | 4 5 7 8 9 |  9.4
Fighting       | 4 5 6 7 9 10 11 12 | 12.5
Axes           | 6 9 11 13 | 13.2
Armour         | 4 6 8 10 | 10.2

Action                   |  1- 3 |  4- 6 |  7- 9 | 10-12 | 13-15 || total
-------------------------+-------+-------+-------+-------+-------++-------
Melee: Flail             |    65 |   207 |       |       |       ||   272
       Whip              |       |       |   314 |    54 |    10 ||   378
       Broad axe         |       |       |       |   445 |   170 ||   615
  Use: Scroll            |       |     5 |     7 |     7 |       ||    19
       Potion            |       |     1 |       |     4 |     1 ||     6
 Stab: Distracted        |       |       |       |     9 |     6 ||    15
  Eat: Chunk             |       |     4 |       |       |       ||     4
       Pizza             |       |     1 |     1 |     1 |       ||     3
       Fruit             |       |       |    10 |     6 |       ||    16
       Beef jerky        |       |       |       |     5 |     1 ||     6
       Royal jelly       |       |       |       |     1 |       ||     1
       Meat ration       |       |       |       |     1 |       ||     1
Armor: Scale mail        |     9 |       |       |       |       ||     9
       Chain mail        |    16 |       |       |    32 |    89 ||   137
       Plate armour      |     8 |    97 |   118 |    59 |       ||   282
       Crystal plate arm |       |       |       |   165 |       ||   165
Dodge: Dodged            |    19 |    37 |    51 |    80 |    37 ||   224
Block: Shield            |    37 |   101 |   146 |   313 |   126 ||   723
